 Dungeon Crawl Stone Soup version 0.30-a0-459-g9104f0fc43 (webtiles) character file.

Game seed: 11725828218161314730

853 funkygono the Firebug (level 7, -1/46 HPs)
             Began as a Demonspawn Fire Elementalist on Dec 15, 2022.
             Was an Initiate of Vehumet.
             Slain by a kobold brigand
             ... wielding a +0 short sword
              (4 damage)
             ... on level 6 of the Dungeon.
             The game lasted 00:07:48 (5455 turns).

funkygono the Firebug (DsFE)                        Turns: 5455, Time: 00:07:48

Health: -1/46      AC:  7    Str:  8    XL:     7   Next: 70%
Magic:  14/14      EV: 12    Int: 18    God:    Vehumet [......]
Gold:   252        SH:  0    Dex: 14    Spells: 3/16 levels left

rFire   . . .      SeeInvis .    w - +2 whip (vamp)
rCold   . . .      Faith    .    (no shield)
rNeg    . . .      Spirit   .    a - +0 robe
rPois   .          Reflect  .    (helmet restricted)
rElec   .          Harm     .    s - +0 cloak
rCorr   .          Rampage  .    (no gloves)
Will    .....                    e - +0 pair of boots
Stlth   ++........               (no amulet)
HPRegen 0.27/turn                x - ring of flight
MPRegen 0.14/turn                y - ring of wizardry

@: lethally poisoned (-1 -> -3), flying
A: antennae 2, thin metallic scales 2
a: Renounce Religion


You were on level 6 of the Dungeon.
You worshipped Vehumet.
Vehumet was noncommittal.
You visited 2 branches of the dungeon, and saw 7 of its levels.

You collected 252 gold pieces.

Inventory:

Hand Weapons
 d - a +0 short sword
 o - a +0 whip
 r - a +4 quarterstaff of chaos
 t - a +0 hammer
 w - a +2 vampiric whip (weapon)
Armour
 a - a +0 robe (worn)
 e - a +0 pair of boots (worn)
 p - a scarf of harm
 s - a +0 cloak (worn)
Jewellery
 c - a ring of resist corrosion
 m - a +6 ring of dexterity
 x - a ring of flight (left hand)
 y - a ring of wizardry (right hand)
 z - a ring of protection from cold
Wands
 A - a wand of iceblast (10)
Scrolls
 g - a scroll of amnesia
 i - 2 scrolls of vulnerability
 u - a scroll of teleportation
 v - a scroll of magic mapping
 B - a scroll of poison {unknown}
Potions
 b - a potion of magic
 f - a potion of attraction {unknown}
 h - 2 potions of flight {unknown}
 j - 3 potions of lignification
 k - 4 potions of heal wounds {unknown}
 l - a potion of haste {unknown}
 n - a potion of cancellation {unknown}
 q - a potion of curing {unknown}


   Skills:
 + Level 0.2 Fighting
 + Level 2.0 Dodging
 - Level 1.7 Stealth
 + Level 5.1 Spellcasting
 + Level 3.6 Conjurations
 + Level 5.9 Fire Magic


You had 3 spell levels left.
You knew the following spells:

 Your Spells              Type           Power      Damage    Failure   Level
a - Foxfire               Conj/Fire      84%        2x1d8     1%          1
b - Scorch                Fire           50%        2d8       1%          2
c - Kindle Blastsparks    Fire/Tloc/Air  22%        2d11      7%          3
d - Flame Wave            Conj/Fire      21%        2d8       8%          4
e - Stone Arrow           Conj/Erth      22%        3d8       8%          3

Your spell library contained the following spells:

 Spells                   Type           Power      Damage    Failure   Level
 Inner Flame              Hex/Fire       15%        N/A       4%          3
 Freeze                   Ice            16%        1d4       5%          1
 Sandblast                Erth           8%         2d5       5%          1
 Dazzling Flash           Conj/Hex       22%        N/A       8%          3
 Hailstorm                Conj/Ice       11%        3d5       8%          3
 Passwall                 Tmut/Erth      3%         N/A       9%          2
 Frozen Ramparts          Ice            8%         1d2       16%         3
 Gell's Gravitas          Tloc           4%         N/A       16%         3
 Teleport Other           Tloc           4%         N/A       16%         3
 Iskenderun's Mystic Bla  Conj/Tloc      11%        2d4       24%         4
 Starburst                Conj/Fire      10%        6d5       69%         6
 Dispersal                Tloc           2%         N/A       100%        6


Dungeon Overview and Level Annotations

Branches:
Dungeon (6/15)             Temple (1/1) D:5

Altars:
Ashenzari
Cheibriados
Hepliaklqana
Kikubaaqudgha
Makhleb
Nemelex Xobeh
Okawaru
Qazlal
Sif Muna
Trog
Uskayaw
Vehumet
Wu Jian
Xom
Yredelemnul

Shops:
D:1 [

Annotations:
D:5 3 runed translucent doors, Verendum's ghost, amateur OpTm


Innate Abilities, Weirdness & Mutations

You have a pair of antennae on your head.
You are mostly covered in thin metallic scales. (AC +3)


Message History

Casting: Foxfire (safe; 1% risk of failure)
Confirm with . or Enter, or press ? or * to list all spells.
You conjure some foxfire!
You feel sick.
Casting: Foxfire (safe; 1% risk of failure)
Confirm with . or Enter, or press ? or * to list all spells.
Flames lash the kobold brigand but do no damage.
You feel sick.
The foxfire hits the kobold brigand.
The kobold brigand is lightly wounded.
The kobold brigand throws a poisoned dart.
The poisoned dart hits you!
You are more poisoned.
Casting: Scorch (safe; 1% risk of failure)
Confirm with . or Enter, or press ? or * to list all spells.
Flames lash the kobold brigand.
The kobold brigand is moderately wounded.
The kobold brigand's fire resistance burns away.
You feel sick.
You hear a shout!
Casting: Scorch (safe; 1% risk of failure)
Confirm with . or Enter, or press ? or * to list all spells.
Flames lash the kobold brigand.
The kobold brigand is burned terribly!
The kobold brigand is moderately wounded.
You feel sick.
Unknown command.
Casting: Scorch (safe; 1% risk of failure)
Confirm with . or Enter, or press ? or * to list all spells.
Flames lash the kobold brigand.
The kobold brigand is burned terribly!
The kobold brigand is almost dead.
You feel sick.
The kobold brigand hits you with a +0 short sword.
* * * LOW HITPOINT WARNING * * *
You hit the kobold brigand.
You feel better.
The kobold brigand is almost dead.
* * * LOW HITPOINT WARNING * * *
You feel sick. The kobold brigand barely misses you.
Magic courses through your body.
* * * LOW HITPOINT WARNING * * *
You feel sick.
The kobold brigand hits you with a +0 short sword.
You die...

## #### K.
{.)# ###. #.#
v§. #.######..
#.###K@.......
#.....######..
###.### #$#
#.# #... #..
...# ### #..#
#$.# #..#


You could see a kobold brigand (combustible).

Vanquished Creatures
  Grinder (D:4)
  A black bear (D:4)
  An ice beast (D:5)
  A sky beast (D:6)
  A necrophage (D:6)
  Crazy Yiuf (D:3)
  Jessica (D:3)
  Natasha (thrice) (D:3)
  2 iguanas
  4 adders
  A shadow imp (D:5)
  An ufetubus (D:4)
  4 worms
  4 dart slugs
  4 orcs
  6 ball pythons
  9 endoplasms
  4 giant cockroaches
  5 goblins
  4 hobgoblins
  2 jackals (D:5)
  3 quokkas
  5 bats
  4 frilled lizards
  8 kobolds
  4 rats
84 creatures vanquished.

Vanquished Creatures (others)
  296 foxfires
296 creatures vanquished.

Grand Total: 380 creatures vanquished

Notes
Turn   | Place    | Note
-------+----------+-------------------------------------------
     0 | D:1      | funkygono the Demonspawn Fire Elementalist began the quest
                  | for the Orb.
     0 | D:1      | Reached XP level 1. HP: 13/13 MP: 3/3
   225 | D:1      | Found Zizez's Armour Boutique.
   270 | D:1      | Gained mutation: You have a pair of small antennae on your
                  | head. [demonic ancestry]
   270 | D:1      | Reached XP level 2. HP: 19/19 MP: 1/5
   469 | D:1      | Learned a level 2 spell: Scorch
  1096 | D:2      | Reached XP level 3. HP: 24/24 MP: 0/6
  1100 | D:2      | Learned a level 3 spell: Kindle Blastsparks
  2208 | D:3      | Noticed Jessica
  2212 | D:3      | Killed Jessica
  2213 | D:3      | Gained mutation: You have a pair of antennae on your head.
                  | [demonic ancestry]
  2213 | D:3      | Reached XP level 4. HP: 30/30 MP: 1/8
  2319 | D:3      | Found a runed translucent door.
  2319 | D:3      | Noticed Natasha
  2321 | D:3      | Killed Natasha
  2350 | D:3      | Noticed Natasha
  2357 | D:3      | Killed Natasha
  2422 | D:3      | Noticed Crazy Yiuf
  2572 | D:3      | Noticed Natasha
  2577 | D:3      | Killed Natasha
  2578 | D:3      | Gained mutation: You are partially covered in thin metallic
                  | scales. (AC +2) [demonic ancestry]
  2578 | D:3      | Reached XP level 5. HP: 30/35 MP: 2/9
  2745 | D:3      | Killed Crazy Yiuf
  2771 | D:3      | Learned a level 4 spell: Flame Wave
  2845 | D:4      | Noticed a black bear
  3219 | D:4      | Killed a black bear
  3220 | D:4      | Reached XP level 6. HP: 41/41 MP: 2/11
  3507 | D:4      | Found an iron altar of Okawaru.
  3571 | D:4      | Noticed Grinder
  3590 | D:4      | Killed Grinder
  3591 | D:4      | Reached skill level 5 in Fire Magic
  3591 | D:4      | Gained mutation: You are mostly covered in thin metallic
                  | scales. (AC +3) [demonic ancestry]
  3591 | D:4      | Reached XP level 7. HP: 46/46 MP: 1/13
  3994 | D:4      | Learned a level 3 spell: Stone Arrow
  4011 | D:5      | Entered Level 5 of the Dungeon
  4120 | D:5      | Noticed Verendum's ghost (amateur OpTm)
  4125 | D:5      | Found a runed translucent gate.
  4125 | D:5      | Found a runed translucent gate.
  4125 | D:5      | Found a runed translucent gate.
  4187 | D:5      | Found a staircase to the Ecumenical Temple.
  4199 | Temple   | Entered the Ecumenical Temple
  4271 | Temple   | Became a worshipper of Vehumet
  4532 | D:5      | Found a shimmering altar of Xom.
  5402 | D:6      | Reached skill level 5 in Spellcasting
  5455 | D:6      | Slain by a kobold brigand

Illustrated notes

Levels and vault maps discovered:
D:1:      dpeg_arrival_court, layout_rooms, serial_shops, shop, kennysheep_boxes
D:2:      layout_rooms
D:3:      layout_loops_ring, uniq_crazy_yiuf_cottage, uniq_natasha, uniq_jessica
D:4:      layout_gridville, hellmonk_okawaru_the_only_friend_you_need,
          uniq_grinder
D:5:      layout_cave_pods, mainiacjoe_overflow_brackets,
          minmay_temple_entry_trees, gammafunk_ghost_split,
          minmay_misc_feat_tower
D:6:      cheibrodos_helix_gallery, layout_loops_ring
Temple:   compressed_dpeg_triangle_lava_temple

Skill      XL: |  1  2  3  4  5  6  7 |
---------------+----------------------+-----
Fire Magic     | 3 4 5 |  5.9
Dodging        | 2 |  2.0
Spellcasting   | 3 4 5 |  5.1
Conjurations   | 2 3 |  3.6
Fighting       | |  0.2
Stealth        | |  1.7

Action                   |  1- 3 |  4- 6 |  7- 9 || total
-------------------------+-------+-------+-------++-------
Melee: Whip              |       |       |     7 ||     7
 Cast: Foxfire           |    71 |    57 |    39 ||   167
       Scorch            |    10 |    15 |    13 ||    38
  Use: Scroll            |       |     4 |     3 ||     7
       Potion            |       |       |     1 ||     1
Armor: Robe              |     2 |     1 |     5 ||     8
Dodge: Dodged            |     9 |     1 |     5 ||    15

Table legend: (Time is in decaauts)
 A = Elapsed time spent in this place.
 B = Non-inter-level travel time spent in this place.
 C = Inter-level travel time spent in this place.
 D = Time resting spent in this place.
 E = Time spent auto-exploring this place.
 F = Levels seen in this place.
 G = Mean time per level.
                   A        B        C        D        E       F      G
               +--------+--------+--------+--------+--------+-----+--------+
         Total |   5456 |   5321 |    135 |    109 |   4523 |   7 |  779.4 |
       Dungeon |   5156 |   5035 |    121 |    109 |   4250 |   6 |  859.3 |
        Temple |    299 |    286 |     13 |      0 |    273 |   1 |  299.0 |
               +--------+--------+--------+--------+--------+-----+--------+

Top non-repeatable levels by time:
     D:3: 1377 daAuts
     D:4: 1089 daAuts
     D:5: 966 daAuts
     D:1: 917 daAuts
     D:2: 635 daAuts
  Temple: 299 daAuts
     D:6: 170 daAuts
